 Dungeon Crawl Stone Soup version 0.30-a0-1042-gacf32f4bd3 (webtiles) character file.

Game seed: 8945237166061724934

5 FlurksSlurper the Sneak (level 1, -1/18 HPs)
             Began as a Demonspawn Delver on Apr 9, 2023.
             Slain by an ufetubus (2 damage)
             ... on level 5 of the Dungeon.
             The game lasted 00:01:07 (123 turns).

FlurksSlurper the Sneak (Demonspawn Delver)          Turns: 123, Time: 00:01:07

Health: -1/18      AC:  3    Str: 12    XL:     1   Next: 66%
Magic:  1/1        EV: 11    Int: 11    God:
Gold:   0          SH:  0    Dex: 14    Spells: 0/0 levels left

rFire   . . .      SeeInvis .      - Unarmed
rCold   . . .      Faith    .    (no shield)
rNeg    . . .      Spirit   .    a - +0 leather armour
rPois   .          Reflect  .    (no helmet)
rElec   .          Rampage  .    (no cloak)
rCorr   .                        (no gloves)
Will    .....                    (no boots)
Stlth   +++                      (no amulet)
HPRegen 0.23/turn                (no ring)
MPRegen 0.07/turn                (no ring)

@: no status effects
A: no striking features
a: no special abilities


You were on level 5 of the Dungeon.
You visited 1 branch of the dungeon, and saw 1 of its levels.

Inventory:

Armour
 a - a +0 leather armour (worn)
Wands
 f - a wand of digging (3)
Scrolls
 b - a scroll of fog
 c - a scroll of magic mapping
 d - a scroll of fear
Potions
 e - a potion of haste


   Skills:
 + Level 3.0 Fighting
 + Level 1.8 Dodging
 + Level 4.7 Stealth
 + Level 1.8 Unarmed Combat


You couldn't memorise any spells.
You didn't know any spells.
Your spell library was empty.

Dungeon Overview and Level Annotations

Branches:
Dungeon (5/15)
 Temple: D:4-7

Altars:

Shops:
D:5 (


Message History

An ufetubus comes into view.
A howler monkey comes into view.
The ufetubus shouts!
The howler monkey howls!
You hear a shout!
The howler monkey hoots and howls with incredible vigour!
You hear a bark!
The howler monkey hoots and howls with incredible vigour!
The ufetubus attacks as you move away! The ufetubus barely misses you.
The ufetubus hits you but does no damage.
The ufetubus hits you. The ufetubus closely misses you.
An ufetubus comes into view.
The ufetubus attacks as you move away! The ufetubus barely misses you. x2
The howler monkey hoots and howls with incredible vigour!
The ufetubus hits you. x2
You barely miss the ufetubus. The ufetubus hits you.
The ufetubus closely misses you.
You hit the ufetubus.
The ufetubus is heavily wounded.
The ufetubus hits you but does no damage.
The ufetubus barely misses you.
You hit the ufetubus.
You kill the ufetubus!
The howler monkey hoots and howls with incredible vigour!
You hear a bark! x2
A hound comes into view.
The hound moves out of view.
The ufetubus attacks as you move away! The ufetubus misses you.
The ufetubus barely misses you. x3
The howler monkey hoots and howls with incredible vigour!
The ufetubus hits you but does no damage.
The ufetubus barely misses you.
The hound barks!
The ufetubus closely misses you.
The ufetubus hits you but does no damage.
There is a stone staircase leading down here.
The ufetubus closely misses you. The ufetubus hits you.
* * * LOW HITPOINT WARNING * * *
The ufetubus hits you.
* * * LOW HITPOINT WARNING * * *
The ufetubus hits you.
You die...

#..# #..#.#.##...# #..# #.#.#
.#.##..#.#.#..†). # #..# #.#.#
................. # #..# #...#
.............∩.. # #..# #.#.#
........#....... # #..# #.#.# #..
......#..... ###..# #.#># #.#
#.#.#.##...#
.....####.#.######.###.#.##......
................@5hh.............
###.#####.#.##########.#.########
............##########.#........
.......................#########
###.#################### # #.#
###


You could see a howler monkey, a hound and an ufetubus.

Vanquished Creatures
  An ufetubus (D:5)
1 creature vanquished.

Notes
Turn   | Place    | Note
-------+----------+-------------------------------------------
     0 | D:5      | FlurksSlurper the Demonspawn Delver began the quest for the
                  | Orb.
     0 | D:5      | Reached XP level 1. HP: 18/18 MP: 1/1
    83 | D:5      | Found Boliess's Weapon Shoppe.
    99 | D:5      | Noticed a howler monkey
   115 | D:5      | Noticed a hound
   123 | D:5      | Slain by an ufetubus

Illustrated notes

Levels and vault maps discovered:
D:5:      layout_basic, old_standard_altar, serial_shops,
          nicolae_shop_bloodbath_and_beyond

Action                     || total
---------------------------++-------
  Melee: Unarmed           ||     3
 Armour: Leather armour    ||     4
  Dodge: Dodged            ||    13

Table legend: (Time is in decaauts)
 A = Elapsed time spent in this place.
 B = Non-inter-level travel time spent in this place.
 C = Inter-level travel time spent in this place.
 D = Time resting spent in this place.
 E = Time spent auto-exploring this place.
 F = Levels seen in this place.
 G = Mean time per level.
                   A        B        C        D        E       F      G
               +--------+--------+--------+--------+--------+-----+--------+
         Total |    122 |    122 |      0 |      0 |     14 |   1 |  122.0 |
       Dungeon |    122 |    122 |      0 |      0 |     14 |   1 |  122.0 |
               +--------+--------+--------+--------+--------+-----+--------+

Top non-repeatable levels by time:
     D:5: 122 daAuts
